 Dungeon Crawl Stone Soup version 0.23.1 (webtiles) character file.

Game seed: 0

8656 dengdeng the Cleaver (level 11, -3/142 (145) HPs)
             Began as a Minotaur Berserker on Mar 12, 2019.
             Was a High Priest of Trog.
             Killed from afar by a white imp (8 damage)
             ... with a puff of frost
             ... on level 11 of the Dungeon.
             The game lasted 00:39:25 (11678 turns).

dengdeng the Cleaver (Minotaur Berserker)          Turns: 11678, Time: 00:39:26

HP:   -3/142 (145)  AC: 17    Str: 29    XL:     11   Next: 12%
MP:   11/11         EV:  9    Int:  4    God:    Trog [*****.]
Gold: 699           SH:  0    Dex: 11    Spells: 10/10 levels left

rFire    . . .     SeeInvis .   R - +0 battleaxe
rCold    . . .     Gourm    .   (shield currently unavailable)
rNeg     . . .     Faith    .   N - +0 plate armour
rPois    .         Spirit   .   O - +1 hat
rElec    .         Reflect  .   h - +0 cloak
rCorr    .         Harm     .   (no gloves)
MR       .....                  (no boots)
Stlth    ..........             v - amulet of rage
HPRegen  0.33/turn              (no ring)
MPRegen  0.12/turn              (no ring)

@: berserking (expiring), very quick
A: retaliatory headbutt, horns 2
a: Berserk, Trog's Hand, Brothers in Arms, Renounce Religion, Evoke Berserk Rage


You were on level 11 of the Dungeon.
You worshipped Trog.
Trog was extremely pleased with you.
You were not hungry.

You visited 1 branch of the dungeon, and saw 11 of its levels.
You also visited: Sewer.

You collected 699 gold pieces.

Inventory:

Hand Weapons
 a - a +0 hand axe
 b - a +0 war axe
 q - a +0 falchion of draining
 E - a +4 flail
 P - a +4 hand axe
 R - a +0 battleaxe (weapon)
Missiles
 f - 413 stones
 G - 7 steel javelins
 H - 5 javelins of returning (quivered)
 I - 7 tomahawks
 S - 5 poisoned tomahawks
Armour
 h - a +0 cloak (worn)
 N - a +0 plate armour (worn)
 O - a +1 hat (worn)
Jewellery
 v - an amulet of rage (around neck)
Wands
 m - a wand of enslavement (10)
 y - a wand of random effects (18)
 B - a wand of paralysis (9)
 D - a wand of polymorph (11)
 F - a wand of iceblast (17)
 J - a wand of acid (11)
Scrolls
 d - 7 scrolls of immolation
 e - 3 scrolls of random uselessness {unknown}
 j - 5 scrolls of teleportation {unknown}
 k - 3 scrolls of fog {unknown}
 o - 3 scrolls of enchant weapon {unknown}
 p - 7 scrolls of remove curse
 r - 7 scrolls of identify {unknown}
 s - 3 scrolls of magic mapping {unknown}
 t - a scroll of vulnerability {unknown}
 u - a scroll of blinking {unknown}
 L - a scroll of holy word {unknown}
Potions
 g - 3 potions of mutation {unknown}
 i - 6 potions of curing {unknown}
 l - 2 potions of lignification {unknown}
 n - a potion of degeneration {unknown}
 w - 5 potions of heal wounds {unknown}
 x - 5 potions of might {unknown}
 z - a potion of berserk rage {unknown}
 A - 3 potions of agility {unknown}
 C - 2 potions of ambrosia {unknown}
 K - 2 potions of haste {unknown}
 M - a potion of flight {unknown}
Comestibles
 c - 18 rations
 Q - a chunk of flesh


   Skills:
 + Level 9.0 Fighting
 + Level 12.4(12.9) Axes
 + Level 6.0(10.1) Maces & Flails
 + Level 3.0 Throwing
 + Level 11.6 Armour
 + Level 3.9 Dodging
 + Level 1.5 Stealth
 + Level 1.8 Evocations


You had 10 spell levels left.
You didn't know any spells.
Your spell library was empty.

Dungeon Overview and Level Annotations

Branches:
Dungeon (11/15)            Temple (0/1) D:5            Lair (0/6) D:8
    Orc (0/2) D:11

Altars:
Ashenzari
Dithmenos
Fedhas
Gozag
Nemelex Xobeh
Ru
Trog
Wu Jian
Yredelemnul
Zin
The Shining One
Beogh

Shops:
D:11 [


Innate Abilities, Weirdness & Mutations

You reflexively headbutt those who attack you in melee.
You have a pair of horns on your head.


Message History

You kill the yak!
Trog accepts your kill.
You carve the white imp like a ham!!!
You kill the white imp!
Trog accepts your kill.
Unknown command.
You slash the white imp!
The white imp is severely wounded.
The white imp hits you but does no damage.
You closely miss the white imp.
The white imp is severely wounded.
The white imp hits you but does no damage.
You closely miss the white imp. Your headbutt misses the white imp.
The white imp is severely wounded.
Unknown command.
You closely miss the white imp. Your headbutt misses the white imp.
The white imp is severely wounded.
The white imp gestures at you. The puff of frost hits you!
You die... #.≈≈≈≈.##∩.∩# ###≈≈_≈≈.##...#### .<.≈≈≈.≈...∩.∩...# ###≈≈≈≈..#######.# ####...# #.# ##### #.# #.# #.# #@# #5# ####### 555

.......
.....
#######
###...#.
## .#
#.... .#
.######.
######.#
#..... .5
.......÷
#......#.#
#.....#
#..####.#.
.......#.#
#..####.#<


You could see 4 white imps.

Vanquished Creatures
  A two-headed ogre (D:11)
  A deep elf mage (D:10)
  3 trolls
  Grinder (D:6)
  A hippogriff (D:10)
  A shadow (D:11)
  Sigmund (D:2)
  A vampire (D:11)
  A spriggan (D:7)
  3 yaks (D:11)
  A wraith (D:11)
  Menkaure (D:6)
  2 sky beasts
  2 ice beasts
  2 necrophages
  3 orc warriors
  4 phantoms
  9 centaurs
  8 ogres
  A crocodile (Sewer)
  6 bullfrogs
  2 big kobolds (D:11)
  A wyvern zombie (D:10)
  A wyvern skeleton (D:9)
  A scorpion (D:8)
  9 howler monkeys
  5 wights (D:7)
  3 crimson imps
  2 bullfrog zombies
  A hound (D:9)
  2 jellies
  8 orc priests
  A bullfrog skeleton (D:11)
  A centaur skeleton (D:8)
  9 orc wizards
  An iguana (D:7)
  5 worker ants
  A hound skeleton (D:5)
  3 worker ant zombies
  16 adders
  7 gnolls
  4 shadow imps
  7 white imps (D:11)
  An ooze (D:5)
  2 adder zombies
  4 worms
  2 dart slugs
  6 leopard geckos
  37 orcs
  A ball python (D:3)
  2 giant cockroaches (D:2)
  2 hobgoblins
  11 jackals
  5 quokkas
  6 bats
  7 frilled lizards
  6 goblins
  24 kobolds
  A quokka zombie (D:5)
  4 rats
264 creatures vanquished.

Notes
Turn   | Place    | Note
-------+----------+-------------------------------------------
     0 | D:1      | dengdeng the Minotaur Berserker began the quest for the
                  | Orb.
     0 | D:1      | Reached XP level 1. HP: 19/19 MP: 0/0
   288 | D:1      | Reached XP level 2. HP: 27/27 MP: 1/1
  1175 | D:2      | Reached skill level 4 in Axes
  1304 | D:2      | Reached XP level 3. HP: 34/34 MP: 2/2
  1637 | D:2      | Found a glowing golden altar of the Shining One.
  1646 | D:2      | Reached XP level 4. HP: 41/41 MP: 3/3
  1685 | D:2      | Noticed Sigmund
  1698 | D:2      | Killed Sigmund
  1698 | D:2      | Reached ** piety under Trog
  1698 | D:2      | Reached skill level 5 in Fighting
  1698 | D:2      | Reached skill level 5 in Axes
  1698 | D:2      | Reached XP level 5. HP: 37/48 MP: 4/4
  2019 | D:2      | Found a basalt altar of Yredelemnul.
  2497 | D:3      | Reached XP level 6. HP: 56/56 MP: 5/5
  2711 | D:3      | Found a glowing drain.
  2721 | Sewer    | Entered a sewer
  3923 | D:4      | Found a sacrificial altar of Ru.
  3952 | D:4      | Reached skill level 5 in Armour
  4247 | D:4      | Found an ornate altar of the Wu Jian Council.
  4410 | D:4      | Reached XP level 7. HP: 62/62 MP: 6/6
  4832 | D:5      | Entered Level 5 of the Dungeon
  4835 | D:5      | Found a staircase to the Ecumenical Temple.
  4842 | D:5      | Reached skill level 1 in Evocations
  4889 | D:5      | Found a shattered altar of Ashenzari.
  4949 | D:5      | Found a shadowy altar of Dithmenos.
  4999 | D:5      | Reached skill level 6 in Axes
  5014 | D:5      | Reached *** piety under Trog
  5805 | D:5      | Found an opulent altar of Gozag.
  5920 | D:6      | Noticed Menkaure
  5929 | D:6      | Killed Menkaure
  5929 | D:6      | Reached skill level 7 in Axes
  5929 | D:6      | Reached XP level 8. HP: 51/68 MP: 7/7
  6240 | D:6      | Reached skill level 8 in Axes
  6418 | D:6      | Noticed Grinder
  6433 | D:6      | Killed Grinder
  6564 | D:7      | Found a sparkling altar of Nemelex Xobeh.
  6572 | D:7      | Reached skill level 9 in Axes
  6587 | D:7      | Reached XP level 9. HP: 48/77 MP: 9/9
  6769 | D:7      | Reached skill level 1 in Throwing
  6773 | D:7      | Reached **** piety under Trog
  6800 | D:7      | Reached skill level 10 in Axes
  6800 | D:7      | Received a gift from Trog
  7259 | D:7      | Reached skill level 10 in Armour
  7928 | D:8      | Reached skill level 1 in Maces & Flails
  8350 | D:8      | Found a bloodstained altar of Trog.
  8350 | D:8      | Found a glowing silver altar of Zin.
  8356 | D:8      | Found a staircase to the Lair.
  8622 | D:8      | Reached XP level 10. HP: 70/86 MP: 10/10
  9362 | D:9      | You fall through a shaft!
  9362 | D:10     | Entered Level 10 of the Dungeon
  9362 | D:10     | Noticed a deep elf mage
  9375 | D:10     | Killed a deep elf mage
  9608 | D:10     | Reached skill level 5 in Maces & Flails
  9954 | D:10     | Reached skill level 1 in Stealth
 10693 | D:11     | Reached skill level 11 in Axes
 10704 | D:11     | Reached ***** piety under Trog
 10705 | D:11     | Noticed a two-headed ogre
 10717 | D:11     | Killed a two-headed ogre
 10804 | D:11     | Found a staircase to the Orcish Mines.
 10812 | D:11     | Found a roughly hewn altar of Beogh.
 11079 | D:11     | Received a gift from Trog
 11079 | D:11     | Reached skill level 12 in Axes
 11218 | D:11     | Reached XP level 11. HP: 50/95 MP: 11/11
 11611 | D:11     | Found a blossoming altar of Fedhas.
 11621 | D:11     | Found Ramium's Armour Boutique.
 11671 | D:11     | HP: 3/142 [yak (10)]
 11678 | D:11     | Killed from afar by a white imp

Skill      XL: |  1  2  3  4  5  6  7  8  9 10 |
---------------+-------------------------------+-----
Fighting       | 4 5 6 7 9 |  9.0
Axes           | 4 5 7 9 10 12 | 12.4
Armour         | 3 4 5 7 8 10 11 | 11.6
Dodging        | 3 |  3.9
Evocations     | 1 |  1.8
Throwing       | 2 3 |  3.0
Maces & Flails | 2 6 |  6.0
Stealth        | 1 |  1.5

Action                   |  1- 3 |  4- 6 |  7- 9 | 10-12 || total
-------------------------+-------+-------+-------+-------++-------
Melee: Hand axe          |    75 |   132 |    50 |    30 ||   287
       Headbutt          |    15 |    27 |    57 |    49 ||   148
       War axe           |       |       |   211 |       ||   211
       Flail             |       |       |    53 |    64 ||   117
       Battleaxe         |       |       |       |   144 ||   144
Throw: Stone             |     1 |     9 |    32 |       ||    42
       Javelin           |       |       |       |    16 ||    16
Invok: Berserk           |     1 |     2 |       |     1 ||     4
       Trog's Hand       |       |       |     1 |       ||     1
 Abil: Evoke Berserk Rag |       |       |     1 |     1 ||     2
Evoke: Wand              |       |     7 |       |       ||     7
  Use: Scroll            |       |       |     2 |       ||     2
  Eat: Chunk             |     3 |    10 |     8 |     3 ||    24
       Ration            |       |       |     2 |     3 ||     5
Armor: Animal skin       |    19 |       |       |       ||    19
       Chain mail        |     2 |    62 |   193 |    12 ||   269
       Plate armour      |       |       |       |   168 ||   168
Dodge: Dodged            |    56 |    54 |   162 |   124 ||   396
